 Dungeon Crawl Stone Soup version 0.26-a0-1161-g0398aca569 (webtiles) character file.

Game seed: 7127402806724247439

4912 Phantomfrettchen the Martial Artist (level 10, -9/68 HPs)
             Began as an Octopode Transmuter on Dec 28, 2020.
             Was an Elder of Cheibriados.
             Mangled by a komodo dragon (21 damage)
             ... on level 10 of the Dungeon.
             The game lasted 01:03:15 (10357 turns).

Phantomfrettchen the Martial Artist (OpTm)         Turns: 10357, Time: 01:03:16

Health: -9/68      AC:  1    Str: 18    XL:     10   Next: 51%
Magic:  15/16      EV: 26    Int: 25    God:    Cheibriados [****..]
Gold:   501        SH:  7    Dex: 31    Spells: 12/17 levels left

rFire    . . .     SeeInvis .     - Unarmed
rCold    + . .     Faith    .   E - +0 buckler
rNeg     . . .     Spirit   .   (helmet currently unavailable)
rPois    .         Reflect  .   y - amulet of the acrobat
rElec    .         Harm     .   k - +4 ring of evasion
rCorr    +         Rampage  .   q - ring of resist corrosion
Will     .....                  u - +6 ring of dexterity
Stlth    ++++++....             x - +4 ring of evasion
HPRegen  0.21/turn              W - ring of protection from cold
MPRegen  0.15/turn              (no ring)
                                (no ring)
                                (no ring)

@: appendages, wereblooded, attractive, very slow
A: almost no armour, stealthy swim, amphibious, 8 rings, constrict 8, tentacle
spike 3, camouflage 1, gelatinous body 1
a: End Transformation, Renounce Religion, Bend Time, Temporal Distortion, Slouch


You were on level 10 of the Dungeon.
You worshipped Cheibriados.
Cheibriados was greatly pleased with you.
One of your tentacles had a temporary spike.
You visited 2 branches of the dungeon, and saw 11 of its levels.

You collected 501 gold pieces.

Inventory:

Hand Weapons
 C - the +4 spear "Jigai" {vorpal, rN+++ Will+ Dex-3 Stlth+}
   (You found it on level 4 of the Dungeon)

   It inflicts extra damage upon your enemies.
   It affects your dexterity (-3).
   It renders you almost immune to negative energy.
   It affects your willpower, your defense against some magical effects.
   It makes you more stealthy.
 M - a +0 shortbow
Missiles
 b - 216 stones
 c - 64 bolts
 h - 271 arrows
 z - 29 poisoned darts
 H - 17 boomerangs (quivered)
 K - 6 atropa-tipped darts
 P - 3 silver boomerangs
Armour
 D - a +0 hat (melded)
 E - a +0 buckler (worn)
Jewellery
 k - a +4 ring of evasion (left tentacle)
 q - a ring of resist corrosion (right tentacle)
 u - a +6 ring of dexterity (on tentacle)
 x - a +4 ring of evasion (on tentacle)
 y - an amulet of the acrobat (around mantle)
 B - an uncursed amulet of reflection {unknown}
 I - an uncursed amulet of guardian spirit {unknown}
 U - a cursed amulet of inaccuracy {unknown}
 W - a ring of protection from cold (on tentacle)
 Y - an uncursed ring of teleportation
Wands
 t - a wand of flame (36)
 T - a wand of digging (5)
Scrolls
 a - 4 scrolls of blinking {unknown}
 l - 3 scrolls of noise {unknown}
 m - 5 scrolls of remove curse
 o - 5 scrolls of magic mapping {unknown}
 s - 5 scrolls of identify {unknown}
 v - 4 scrolls of amnesia {unknown}
 A - 8 scrolls of teleportation {unknown}
 F - a scroll of enchant weapon {unknown}
 G - 4 scrolls of immolation {unknown}
 N - a scroll of brand weapon {unknown}
 O - a scroll of random uselessness {unknown}
 S - a scroll of fear {unknown}
 V - a scroll of enchant armour {unknown}
 X - a scroll of fog {unknown}
Potions
 d - a potion of degeneration {unknown}
 e - a potion of cancellation {unknown}
 f - 2 potions of resistance {unknown}
 g - 4 potions of haste
 i - 4 potions of brilliance {unknown}
 j - 3 potions of berserk rage {unknown}
 n - 7 potions of curing {unknown}
 p - 3 potions of lignification {unknown}
 r - 2 potions of flight
 w - a potion of might {unknown}
 J - a potion of heal wounds {unknown}
 L - 2 potions of attraction
 Q - a potion of magic {unknown}
 R - a potion of experience {unknown}


   Skills:
 * Level 6.2 Fighting
 - Level 2.0 Throwing
 + Level 5.1 Dodging
 * Level 8.2 Stealth
 * Level 3.9 Shields
 + Level 9.4 Unarmed Combat
 + Level 4.3 Spellcasting
 + Level 4.1 Transmutations
 - Level 1.0 Evocations


You had 12 spell levels left.
You knew the following spells:

 Your Spells              Type           Power        Failure   Level
a - Beastly Appendage     Tmut           52%          1%          1
b - Wereblood             Tmut           26%          2%          2
c - Slow                  Hex            5%           14%         2

Your spell library contained the following spells:

 Spells                   Type           Power        Failure   Level
 Magic Dart               Conj           20%          9%          1
 Shock                    Conj/Air       20%          9%          1
 Spider Form              Tmut/Pois      7%           11%         3
 Blink                    Tloc           N/A          14%         2
 Call Imp                 Summ           5%           14%         2
 Swiftness                Air            5%           14%         2
 Conjure Flame            Conj/Fire      5%           26%         3
 Mephitic Cloud           Conj/Pois/Air  5%           26%         3
 Static Discharge         Conj/Air       5%           26%         3
 Ice Form                 Ice/Tmut       15%          36%         4
 Blade Hands              Tmut           13%          41%         5
 Airstrike                Air            2%           65%         4
 Lightning Bolt           Conj/Air       2%           94%         5


Dungeon Overview and Level Annotations

Branches:
Dungeon (10/15)            Temple (1/1) D:5
   Lair: D:8-11         Orc: D:9-12

Altars:
Ashenzari
Cheibriados
Dithmenos
Fedhas
Gozag
Hepliaklqana
Kikubaaqudgha
Makhleb
Nemelex Xobeh
Okawaru
Qazlal
Ru
Sif Muna
Uskayaw
Vehumet
Wu Jian
Xom
Yredelemnul
Zin
The Shining One

Shops:
D:5 :   D:8 :

Annotations:
D:9 3 runed translucent doors, hemabe71's ghost, journeyman HuAr


Innate Abilities, Weirdness & Mutations

You cannot wear most types of armour.
You are very stealthy in the water. (Stealth+)
You are amphibious.
You can wear up to eight rings at the same time.
You can use your tentacles to constrict eight enemies at once.
Your skin changes colour to match your surroundings (Stealth+).
Your rubbery body absorbs attacks. (AC +1, EV +1)
One of your tentacles bears a large vicious spike.


Message History

You tentacle-slap the yak.
You kill the yak!
Cheibriados thoroughly appreciates the change of pace.
You hear an angry buzzing noise.
Training target 2.0 for Throwing reached!
Your Throwing skill increases to level 2!
You bludgeon the yak!
You pierce the yak, but do no damage.
You squeeze the yak!
The yak is severely wounded.
The yak completely misses you.
You bludgeon the yak!
You pierce the yak.
You kill the yak!
Cheibriados appreciates the change of pace.
The yak is pulled toward you!
You barely miss the komodo dragon.
You pierce the komodo dragon!
You tentacle-slap the komodo dragon!
You squeeze the komodo dragon, but do no damage.
The komodo dragon is moderately wounded.
The komodo dragon bites you!!
You die... .YPY

# #... #. #Y. .##oP
....Y .#.# .P.. ###
..####... ..#
##o.......
#.###lYo....#.
#.#@######...#######
#..########....#..
##..............#.#
#...#.###.###.#)#<#
#.....###.###.#...#
#.............##.##
#########...........
########.### #...


You could see a komodo dragon, a yak and 2 orcs.

Vanquished Creatures
  An unseen horror (D:10)
  6 yaks
  2 vampire mosquitoes (D:9)
  An orc warrior (D:10)
  A sky beast (D:7)
  3 ice beasts
  2 black bears
  2 phantoms
  3 ogres
  2 necrophages
  4 centaurs
  A big kobold (D:8)
  2 bullfrogs
  2 scorpions
  A centaur zombie (D:5)
  A quasit (D:6)
  A jelly (D:5)
  4 hounds
  7 orc priests
  2 bullfrog skeletons
  3 iguanas
  12 orc wizards
  4 worker ants
  A howler monkey zombie (D:6)
  14 adders
  5 shadow imps
  5 white imps
  2 oozes (D:3)
  An adder zombie (D:6)
  4 worms
  A dart slug (D:1)
  7 leopard geckos
  41 orcs
  12 giant cockroaches
  6 goblins
  7 hobgoblins
  14 jackals
  3 quokkas
  3 ball pythons
  9 bats
  8 frilled lizards
  A giant cockroach zombie (D:5)
  16 kobolds
  2 quokka skeletons (D:4)
  12 rats
241 creatures vanquished.

Vanquished Creatures (others)
  35 fungi (D:10)
  32 plants
67 creatures vanquished.

Grand Total: 308 creatures vanquished

Notes
Turn   | Place    | Note
-------+----------+-------------------------------------------
     0 | D:1      | Phantomfrettchen the Octopode Transmuter began the quest
                  | for the Orb.
     0 | D:1      | Reached XP level 1. HP: 13/13 MP: 3/3
   110 | D:1      | Reached XP level 2. HP: 12/18 MP: 5/5
   277 | D:1      | Learned a level 2 spell: Wereblood
   632 | D:1      | Reached XP level 3. HP: 23/23 MP: 6/6
  1032 | D:2      | Found a faded altar of an unknown god.
  1403 | D:2      | Reached XP level 4. HP: 29/29 MP: 7/7
  1490 | D:2      | Reached skill level 1 in Stealth
  1574 | D:2      | Reached skill level 4 in Unarmed Combat
  1619 | D:2      | Reached skill level 1 in Evocations
  2062 | D:3      | Reached XP level 5. HP: 34/34 MP: 8/8
  2480 | D:3      | Found an ornate altar of the Wu Jian Council.
  3154 | D:4      | Reached XP level 6. HP: 39/39 MP: 9/9
  3161 | D:4      | Got a glimmering spear
  3171 | D:4      | Got a scorched dagger
  3284 | D:4      | Reached skill level 5 in Unarmed Combat
  4004 | D:5      | Entered Level 5 of the Dungeon
  4004 | D:5      | Noticed a phantom
  4035 | D:5      | Killed a phantom
  4036 | D:5      | Reached XP level 7. HP: 10/45 MP: 11/11
  4374 | D:5      | Found Piomouv's Book Shop.
  5087 | D:5      | Found a staircase to the Ecumenical Temple.
  5099 | Temple   | Entered the Ecumenical Temple
  5196 | Temple   | Became a worshipper of Cheibriados the Contemplative
  5378 | D:5      | Reached skill level 6 in Unarmed Combat
  5384 | D:5      | Identified the +4 spear "Jigai" {vorpal, rN+++ Will+ Dex-3
                  | Stlth+} (You found it on level 4 of the Dungeon)
  5389 | D:5      | Identified the cursed +1 dagger of Death {vorpal, rN+} (You
                  | found it on level 4 of the Dungeon)
  5644 | D:5      | Reached XP level 8. HP: 34/53 MP: 10/12
  5773 | D:6      | Reached skill level 5 in Stealth
  6582 | D:6      | Reached * piety under Cheibriados
  6723 | D:7      | Reached skill level 7 in Unarmed Combat
  6749 | D:7      | Reached skill level 1 in Throwing
  7421 | D:7      | Found an opulent altar of Gozag.
  7641 | D:7      | Reached ** piety under Cheibriados
  7758 | D:7      | Reached XP level 9. HP: 59/59 MP: 11/13
  7818 | D:7      | Reached skill level 1 in Shields
  7828 | D:7      | Learned a level 2 spell: Slow
  8120 | D:8      | Found Nassadgha's Book Shop.
  8215 | D:8      | Found a shimmering altar of Xom.
  8343 | D:8      | Found a sacrificial altar of Ru.
  8922 | D:8      | Reached skill level 8 in Unarmed Combat
  9268 | D:9      | Reached *** piety under Cheibriados
  9269 | D:9      | Reached skill level 5 in Fighting
  9720 | D:9      | Reached XP level 10. HP: 66/66 MP: 16/16
  9762 | D:9      | Found a runed translucent gate.
  9763 | D:9      | Found a runed translucent gate.
  9763 | D:9      | Noticed hemabe71's ghost (journeyman HuAr)
  9764 | D:9      | Found a runed translucent gate.
  9766 | D:9      | Noticed a nine-headed hydra
  9812 | D:9      | Reached skill level 9 in Unarmed Combat
  9992 | D:9      | Reached **** piety under Cheibriados
 10281 | D:10     | Entered Level 10 of the Dungeon
 10318 | D:10     | Killed an unseen horror
 10319 | D:10     | Reached skill level 5 in Dodging
 10357 | D:10     | Mangled by a komodo dragon

Illustrated notes

Levels and vault maps discovered:
D:1:      tarquinn_simple_flora_water_c, layout_basic, serial_co_window_serial,
          co_window_paths_a, co_window_paths_b, co_window_paths_a,
          co_window_paths_b, co_window_paths_a, co_window_broadway_c,
          co_window_corner_cb, co_window_unsneaky_path_c, co_window_cross_2,
          glass_columns_b, glass_columns_b, glass_columns_b
D:2:      layout_loops_corners, serial_aquarium, aquarium_bridge_square
          [aquarium_subvault_bridge, aquarium_subvault_window,
          aquarium_subvault_wall, aquarium_subvault_bridge], aquarium_window_2,
          aquarium_window_1, aquarium_window_corner, aquarium_view_2a,
          aquarium_view_2f, chequers_ecumenical_altar_simple_redux
D:3:      layout_loops_cross, nzn_wu_jian_contemplation, uniq_robin
D:4:      layout_cave_pods, skrybe_limestone_x
D:5:      minmay_thick_lines, layout_basic, minmay_temple_entry_fiery,
          serial_shops, shop_fountains
D:6:      layout_loops_cross
D:7:      layout_basic, nicolae_gozag_cash_rules_everything_around_me
D:8:      layout_basic, basic_altar, serial_shops, kennysheep_mini,
          nicolae_ru_awakened_eye
D:9:      layout_irregular_city, gammafunk_ghost_hydra_chop
D:10:     layout_loops_ring, due_lair_maze_entry_diamond,
          ebering_ghost_disaster_area, minmay_diamond_spiral, uniq_fannar
Temple:   minmay_crystal_snake_temple

Skill      XL: |  1  2  3  4  5  6  7  8  9 10 |
---------------+-------------------------------+-----
Stealth        | 2 3 4 6 7 8 |  8.2
Unarmed Combat | 4 5 6 7 8 9 |  9.4
Evocations     | 1 |  1.0
Fighting       | 2 3 4 5 6 |  6.2
Spellcasting   | 3 4 |  4.3
Transmutations | 3 4 |  4.1
Dodging        | 3 4 5 |  5.1
Throwing       | 1 2 |  2.0
Shields        | 3 |  3.9

Action                   |  1- 3 |  4- 6 |  7- 9 | 10-12 || total
-------------------------+-------+-------+-------+-------++-------
Melee: Unarmed           |    96 |   188 |   291 |    60 ||   635
       Constrict         |    26 |    46 |    62 |    16 ||   150
       Tentacles         |    17 |    38 |    89 |    23 ||   167
       Kick              |     1 |     6 |    73 |    26 ||   106
       Punch             |       |     9 |    25 |     7 ||    41
Throw: Stone             |       |     6 |       |       ||     6
       Boomerang         |       |       |     6 |       ||     6
 Cast: Beastly Appendage |     5 |     4 |    24 |     4 ||    37
       Wereblood         |       |     4 |     5 |     3 ||    12
  Use: Potion            |       |     1 |       |     1 ||     2
       Scroll            |       |       |     2 |     1 ||     3
 Stab: Sleeping          |     8 |     9 |    17 |     3 ||    37
Armor: Skin              |    12 |     5 |     4 |     2 ||    23
Dodge: Dodged            |    68 |   138 |   260 |    69 ||   535
Block: Buckler           |       |       |    19 |    22 ||    41

Table legend: (Time is in decaauts)
 A = Elapsed time spent in this place.
 B = Non-inter-level travel time spent in this place.
 C = Inter-level travel time spent in this place.
 D = Time resting spent in this place.
 E = Time spent auto-exploring this place.
 F = Levels seen in this place.
 G = Mean time per level.
                   A        B        C        D        E       F      G
               +--------+--------+--------+--------+--------+-----+--------+
         Total |  11943 |   9986 |   1957 |   2189 |     90 |  11 | 1085.7 |
       Dungeon |  11793 |   9868 |   1925 |   2189 |     90 |  10 | 1179.3 |
        Temple |    149 |    117 |     32 |      0 |      0 |   1 |  149.0 |
               +--------+--------+--------+--------+--------+-----+--------+

Top non-repeatable levels by time:
     D:5: 1758 daAuts
     D:8: 1722 daAuts
     D:7: 1661 daAuts
     D:9: 1456 daAuts
     D:6: 1104 daAuts
     D:2: 1079 daAuts
     D:4: 1029 daAuts
     D:1: 957 daAuts
     D:3: 920 daAuts
  Temple: 149 daAuts
    D:10: 103 daAuts
